 Dungeon Crawl Stone Soup version 0.29-a0-344-ge2f44be95a (webtiles) character file.

Game seed: 12296660892723812529

8 Morbidden the Skirmisher (level 2, 24/24 HPs)
             Began as a Demonspawn Fighter on Apr 20, 2022.
             Quit the game on level 1 of the Dungeon.
             The game lasted 00:00:06 (20 turns).

Morbidden the Skirmisher (Demonspawn Fighter)         Turns: 20, Time: 00:00:06

Health: 24/24      AC:  6    Str: 16    XL:     2   Next: 0%
Magic:  2/2        EV:  8    Int:  9    God:
Gold:   0          SH:  4    Dex: 12    Spells: 1/1 levels left

rFire   . . .      SeeInvis .   a - +0 war axe
rCold   . . .      Faith    .   c - +0 buckler
rNeg    . . .      Spirit   .   b - +0 scale mail
rPois   .          Reflect  .   (no helmet)
rElec   .          Harm     .   (no cloak)
rCorr   .          Rampage  .   (no gloves)
Will    .....                   (no boots)
Stlth   ..........              (no amulet)
HPRegen 0.08/turn               (no ring)
MPRegen 0.08/turn               (no ring)

@: no status effects
A: demonic guardian 1
a: no special abilities


You were on level 1 of the Dungeon.
You visited 1 branch of the dungeon, and saw 1 of its levels.

Inventory:

Hand Weapons
 a - a +0 war axe (weapon)
Armour
 b - a +0 scale mail (worn)
 c - a +0 buckler (worn)
Potions
 d - a potion of might


   Skills:
 + Level 3.1 Fighting
 + Level 1.9 Axes
 + Level 2.8 Armour
 + Level 2.8 Shields


You had one spell level left.
You didn't know any spells.
Your spell library was empty.

Dungeon Overview and Level Annotations

Branches:
Dungeon (1/15)

Altars:


Innate Abilities, Weirdness & Mutations

A weak demonic guardian rushes to your aid.


Message History

There are monsters nearby!
You hit the dart slug.
The dart slug is moderately wounded.
You closely miss the jackal. The jackal closely misses you.
The dart slug launches a dart at you. The slug dart misses you.
The jackal barely misses you.
There are monsters nearby!
You hit the dart slug but do no damage.
The dart slug is moderately wounded.
You closely miss the jackal. The dart slug launches a dart at you.
The slug dart hits you.
A jackal comes into view.
There are monsters nearby!
The jackal barks!
You slash the dart slug!
You kill the dart slug!
You hit the jackal.
You kill the jackal!
You hear a bark!
You block the jackal's attack.
A jackal comes into view.
The jackal barks!
You hit the jackal.
You kill the jackal!
The jackal bites you but does no damage.
You hit the jackal.
You kill the jackal!
You block the jackal's attack.
You miss the jackal. The jackal closely misses you.
The jackal barely misses you.
You hit the jackal.
The jackal is heavily wounded.
The jackal bites you but does no damage. x2
You hit the jackal.
You kill the jackal!
You have reached level 2!
Your demonic ancestry asserts itself...
You feel the presence of a demonic guardian.
Are you sure you want to abandon this character and quit the game? (Confirm with "yes".)

## ## #.# #.#
#..# #.# ###...#
#.# ......†#†#
#.. #@#
#..##.######.#
#..#..........
####..#..######.#
..)...#..# #....#
##+###'###
#...#...#
#.>.#...#


There were no monsters in sight!

Vanquished Creatures
  A dart slug (D:1)
  4 jackals (D:1)
5 creatures vanquished.

Notes
Turn   | Place    | Note
-------+----------+-------------------------------------------
     0 | D:1      | Morbidden the Demonspawn Fighter began the quest for the
                  | Orb.
     0 | D:1      | Reached XP level 1. HP: 18/18 MP: 1/1
    20 | D:1      | Gained mutation: A weak demonic guardian rushes to your
                  | aid. [demonic ancestry]
    20 | D:1      | Reached XP level 2. HP: 24/24 MP: 2/2
    20 | D:1      | Quit the game

Illustrated notes

Levels and vault maps discovered:
D:1:      minmay_arrival_up_and_down, layout_loops_ring

Action                   || total
-------------------------++-------
Melee: War axe           ||     8
Armor: Scale mail        ||     3
Dodge: Dodged            ||     5
Block: Buckler           ||     2

Table legend: (Time is in decaauts)
 A = Elapsed time spent in this place.
 B = Non-inter-level travel time spent in this place.
 C = Inter-level travel time spent in this place.
 D = Time resting spent in this place.
 E = Time spent auto-exploring this place.
 F = Levels seen in this place.
 G = Mean time per level.
                   A        B        C        D        E       F      G
               +--------+--------+--------+--------+--------+-----+--------+
         Total |     23 |     23 |      0 |      0 |      9 |   1 |   23.0 |
       Dungeon |     23 |     23 |      0 |      0 |      9 |   1 |   23.0 |
               +--------+--------+--------+--------+--------+-----+--------+

Top non-repeatable levels by time:
     D:1: 23 daAuts
